Construct Section Command Post
Construct Field Infirmary
Selects Air and Sea Battlegroup
Selects Commando Section Paradrop
Commando Section Paradrop
Construct Platoon Command Post
6-pounder Anti-tank Gun Team
Unlock M3 Stuart Light Tanks
Selects Centaur Medium Tank
Selects M1 Pack Howitzer Paradrop
Selects Anti-tank Rocket Loiter
Commando Section Paradrop
6-pounder Anti-tank Gun Team
Construct Company Command Post
6-pounder Anti-tank Gun Team